 Dungeon Crawl Stone Soup version 0.29-a0-96-g93358da72b (webtiles) character file.

Game seed: 1080726141184521891

1446 drugrobin the Grasshopper (level 8, 0/66 HPs)
             Began as a Demigod Warper on Feb 11, 2022.
             Engulfed by a steam dragon's steam (9 damage)
             ... on level 6 of the Dungeon.
             The game lasted 00:13:37 (6822 turns).

drugrobin the Grasshopper (Demigod Warper)          Turns: 6822, Time: 00:13:40

Health: 0/66       AC: 10    Str: 21    XL:     8   Next: 22%
Magic:  11/13      EV: 12    Int: 15    God:
Gold:   230        SH:  0    Dex: 17    Spells: 2/10 levels left

rFire   . . .      SeeInvis .   a - +0 trident
rCold   . . .      Faith    .   (no shield)
rNeg    . . .      Spirit   .   u - +1 chain mail of the Stone Wall {Str+5}
rPois   .          Reflect  .   (no helmet)
rElec   .          Harm     .   (no cloak)
rCorr   .          Rampage  .   (no gloves)
Will    .....                   (no boots)
Stlth   ..........              (no amulet)
HPRegen 0.21/turn               m - +4 ring of evasion
MPRegen 0.13/turn               (no ring)

@: no status effects
A: high MP 1, forlorn, divine attributes
a: no special abilities


You were on level 6 of the Dungeon.
You visited 1 branch of the dungeon, and saw 6 of its levels.

You collected 230 gold pieces.

Inventory:

Hand Weapons
 a - a +0 trident (weapon)
 b - a +0 hunting sling
 o - a +0 spear
Missiles
 c - 6 boomerangs
 d - 5 boomerangs of dispersal
 g - a throwing net
 h - 62 sling bullets
 j - 5 poisoned darts
 k - 242 stones (quivered)
 p - 2 curare-tipped darts
Armour
 n - a +4 chain mail of cold resistance
 t - the +1 ring mail of Loss {Int+7 Dex-4}
   (You found it on level 4 of the Dungeon)

   Int:       It affects your intelligence (+7).
   Dex:       It affects your dexterity (-4).
 u - the +1 chain mail of the Stone Wall (worn) {Str+5}
   (You found it on level 6 of the Dungeon)

   Str:       It affects your strength (+5).
Jewellery
 m - a +4 ring of evasion (left hand)
Scrolls
 f - a scroll of summoning {unknown}
 i - a scroll of identify
 r - a scroll of enchant armour
 s - a scroll of teleportation
 v - a scroll of fear
 w - a scroll of vulnerability {unknown}
Potions
 e - a potion of attraction
 q - a potion of cancellation


   Skills:
 - Level 4.0 Fighting
 + Level 5.8 Polearms
 - Level 0.8 Throwing
 + Level 4.1 Armour
 - Level 1.7 Dodging
 - Level 1.7 Spellcasting
 + Level 6.0 Translocations


You had 2 spell levels left.
You knew the following spells:

 Your Spells              Type           Power      Damage    Failure   Level
a - Blink                 Tloc           38%        N/A       26%         2
b - Teleport Other        Tloc           19%        N/A       45%         3
c - Gell's Gravitas       Tloc           19%        N/A       45%         3

Your spell library contained the following spells:

 Spells                   Type           Power      Damage    Failure   Level
 Shock                    Conj/Air       4%         1d3       90%         1
 Corpse Rot               Necr/Air       2%         N/A       97%         2
 Ensorcelled Hibernation  Hex/Ice        2%         N/A       97%         2
 Passwall                 Tmut/Erth      0%         N/A       97%         2
 Poisonous Vapours        Pois/Air       2%         N/A       97%         2
 Lesser Beckoning         Tloc           19%        N/A       45%         3
 Dazzling Flash           Conj/Hex       2%         N/A       99%         3
 Spider Form              Tmut/Pois      1%         N/A       99%         3
 Swiftness                Air            1%         N/A       99%         3
 Manifold Assault         Tloc           19%        N/A       99%         5
 Airstrike                Air            0%         N/A       100%        4
 Anguish                  Hex/Necr       0%         N/A       100%        4
 Agony                    Necr           1%         N/A       100%        5
 Freezing Cloud           Conj/Ice/Air   0%         6-21      100%        5
 Silence                  Hex/Air        0%         N/A       100%        5
 Simulacrum               Ice/Necr       0%         N/A       100%        6
 Polar Vortex             Ice            0%         N/A       100%        9


Dungeon Overview and Level Annotations

Branches:
Dungeon (6/15)             Temple (0/1) D:5


Innate Abilities, Weirdness & Mutations

You have an increased reservoir of magic. (+10% MP)
You shall have no god before yourself.
Your divine heritage dramatically boosts your attributes as you level up.


Message History

Unknown command.
Unknown command.
You closely miss the steam dragon.
The steam dragon is severely wounded.
The steam dragon breathes steam at you. The ball of steam hits you!
You completely miss the steam dragon.
The steam dragon is severely wounded.
You are engulfed in a cloud of scalding steam.
You feel stable enough to blink again. The steam dragon bites you.
The steam dragon claws you but does no damage.
The steam dragon breathes steam at you. The ball of steam misses you.
Unknown command.
You completely miss the steam dragon.
The steam dragon is severely wounded.
You are engulfed in a cloud of scalding steam.
The steam dragon closely misses you.
The steam dragon claws you but does no damage.
Unknown command.
You puncture the steam dragon!
The steam dragon is almost dead.
You are engulfed in a cloud of scalding steam.
The steam dragon breathes steam at you. The ball of steam hits you!
* * * LOW HITPOINT WARNING * * *
Unknown command.
Unknown command.
Okay, then.
Unknown command.
You aren't carrying any items that you can evoke.
Okay, then.
Throw: 3 darts (curare)
Press: ? - help, Shift-Dir - straight line, f/p - steam dragon
Aim: a steam dragon (steam, almost dead, catching its breath, 62% to hit)
You throw a curare-tipped dart.
The curare-tipped dart closely misses the steam dragon.
You are engulfed in a cloud of scalding steam.
You die...

......#########
#.#.#.........#
#.#.#.#######.#
#.#.#)#.......#
#.#.......###.#
#.###.#.#.# #.#
#.###.#)#.###.# #
#.....#.#..##.#####.###
#####.........##@.§...#
.## ###.......##D##.#.##
..####...#.#####.##...[#
..'........(.([...§.....
..####...#(#####.##....##
.## #..##.# #.# .## ##
#.###.## #.# # #......#
#.. #......# ###


You could see a steam dragon (catching breath).

Vanquished Creatures
  Sigmund (D:2)
  2 black bears (D:4)
  An ice beast (D:4)
  A necrophage (D:5)
  An ogre (D:5)
  A scorpion (D:4)
  3 howler monkeys
  A centaur zombie (D:5)
  4 hounds
  3 orc priests
  2 iguanas
  A jelly (D:4)
  A scorpion zombie (D:5)
  Terence (D:2)
  4 orc wizards
  A hound zombie (D:3)
  A hound skeleton (D:3)
  9 adders
  An ufetubus (D:5)
  2 adder skeletons (D:3)
  A worm (D:4)
  10 orcs
  4 ball pythons (D:1)
  4 bats (D:1)
  7 endoplasms
  5 giant cockroaches
  7 goblins
  2 hobgoblins
  3 jackals (D:1)
  6 kobolds
  A quokka (D:1)
  2 frilled lizards (D:2)
  A giant cockroach zombie (D:3)
  A rat (D:1)
95 creatures vanquished.

Vanquished Creatures (others)
  An orc wizard (D:6)
  2 fungi (D:6)
  12 plants (D:3)
  3 withered plants (D:3)
18 creatures vanquished.

Grand Total: 113 creatures vanquished

Notes
Turn   | Place    | Note
-------+----------+-------------------------------------------
     0 | D:1      | drugrobin the Demigod Warper began the quest for the Orb.
     0 | D:1      | Reached XP level 1. HP: 17/17 MP: 5/5
   194 | D:1      | Reached XP level 2. HP: 22/24 MP: 7/7
   800 | D:1      | Reached skill level 3 in Translocations
  1383 | D:2      | Reached XP level 3. HP: 20/30 MP: 8/8
  1747 | D:2      | Noticed Terence
  1788 | D:2      | Killed Terence
  1911 | D:2      | Learned a level 2 spell: Blink
  2011 | D:2      | Noticed Sigmund
  2043 | D:2      | Killed Sigmund
  2044 | D:2      | Reached XP level 4. HP: 32/38 MP: 9/9
  2044 | D:2      | Reached XP level 5. HP: 38/45 MP: 10/10
  2639 | D:3      | Reached skill level 4 in Translocations
  2649 | D:3      | Learned a level 3 spell: Teleport Other
  2797 | D:3      | HP: 2/46 [poisoned by an orc priest]
  2815 | D:3      | Reached XP level 6. HP: 15/52 MP: 11/11
  3954 | D:4      | Found Losionett's Weapon Emporium.
  3965 | D:4      | Reached skill level 1 in Armour
  4486 | D:4      | Reached XP level 7. HP: 57/59 MP: 12/12
  4507 | D:4      | Identified the +1 ring mail of Loss {Int+7 Dex-4}
  4579 | D:4      | Learned a level 3 spell: Gell's Gravitas
  4850 | D:4      | Reached skill level 5 in Translocations
  5040 | D:5      | Entered Level 5 of the Dungeon
  5045 | D:5      | Found a staircase to the Ecumenical Temple.
  5247 | D:4      | Reached skill level 5 in Polearms
  5997 | D:5      | Reached XP level 8. HP: 64/66 MP: 13/13
  6560 | D:6      | Reached skill level 6 in Translocations
  6758 | D:6      | Identified the +1 chain mail of the Stone Wall {Str+5}
  6822 | D:6      | Engulfed by a steam dragon's steam

Illustrated notes

Levels and vault maps discovered:
D:1:      saegor_arrival_simple_e, layout_basic
D:2:      layout_loops_ring, basic_altar, serial_park_tiny_pond,
          minmay_tromino_v7, uniq_terence, uniq_sigmund
D:3:      layout_basic, serial_undead, serial_undead_e, serial_undead_c,
          serial_undead_e, serial_undead_e, serial_undead_d, serial_undead_d,
          serial_undead_d, kennysheep_boxes
D:4:      layout_basic, nicolae_wu_jian_wuxing_cycle, tso_oasis_becter,
          kennysheep_small_circle
D:5:      kennysheep_six_static_rooms, layout_cave_pools,
          minmay_temple_entry_junction, nicolae_elevator_lobby_asterisk
D:6:      kennysheep_steamy, layout_loops_corners,
          nicolae_ru_the_path_less_chosen, overflow_temple_1_default,
          kennysheep_big_empty_room

Skill      XL: |  1  2  3  4  5  6  7  8 |
---------------+-------------------------+-----
Fighting       | 2 3 4 |  4.0
Polearms       | 2 3 4 5 |  5.8
Translocations | 3 4 5 6 |  6.0
Armour         | 2 3 4 |  4.1
Throwing       | |  0.8
Dodging        | |  1.7
Spellcasting   | |  1.7

Action                   |  1- 3 |  4- 6 |  7- 9 || total
-------------------------+-------+-------+-------++-------
Melee: Spear             |   168 |   188 |       ||   356
       Punch             |       |     2 |       ||     2
       Trident           |       |     9 |   184 ||   193
 Fire: Hunting sling     |     3 |    12 |    42 ||    57
Throw: Stone             |     2 |     1 |       ||     3
       Dart              |     3 |     7 |     1 ||    11
       Boomerang         |       |       |     1 ||     1
 Cast: Blink             |       |       |     1 ||     1
  Use: Potion            |       |     5 |       ||     5
       Scroll            |       |     5 |     2 ||     7
Armor: Leather armour    |    34 |       |       ||    34
       Chain mail        |     1 |    78 |   130 ||   209
       Ring mail         |       |       |     2 ||     2
Dodge: Dodged            |   107 |    96 |   112 ||   315

Table legend: (Time is in decaauts)
 A = Elapsed time spent in this place.
 B = Non-inter-level travel time spent in this place.
 C = Inter-level travel time spent in this place.
 D = Time resting spent in this place.
 E = Time spent auto-exploring this place.
 F = Levels seen in this place.
 G = Mean time per level.
                   A        B        C        D        E       F      G
               +--------+--------+--------+--------+--------+-----+--------+
         Total |   6787 |   6578 |    209 |   1159 |   4025 |   6 | 1131.2 |
       Dungeon |   6787 |   6578 |    209 |   1159 |   4025 |   6 | 1131.2 |
               +--------+--------+--------+--------+--------+-----+--------+

Top non-repeatable levels by time:
     D:4: 1718 daAuts
     D:3: 1361 daAuts
     D:1: 1340 daAuts
     D:2: 1028 daAuts
     D:5: 1014 daAuts
     D:6: 324 daAuts
